 Dungeon Crawl Stone Soup version 0.27-a0-1572-gacd6f1ce93 (webtiles) character file.

Game seed: 12224377455891735330

112 DocSulfur the Ducker (level 5, -6/38 HPs)
             Began as a Djinni Gladiator on July 17, 2021.
             Mangled by Sigmund (9 damage)
             ... on level 3 of the Dungeon.
             The game lasted 00:10:10 (2729 turns).

DocSulfur the Ducker (Djinni Gladiator)             Turns: 2729, Time: 00:10:11

Health: -6/38      AC:  6    Str: 14    XL:     5   Next: 16%
Gold:   158        EV: 12    Int: 10    God:
                   SH:  0    Dex: 14

rFire    + + .     SeeInvis .   o - +3 short sword
rCold    x . .     Faith    .   (no shield)
rNeg     . . .     Spirit   .   p - +0 ring mail
rPois    ∞         Reflect  .   c - +0 helmet
rElec    .         Harm     .   u - scarf {+Inv}
rCorr    .         Rampage  .   (no gloves)
Will     .....                  (boots unavailable)
Stlth    +.........             (no amulet)
HPRegen  0.12/turn              (no ring)
MPRegen  0.00/turn              (no ring)

@: flying
A: sickness immunity, fire resistance 2, cold vulnerability 1, float, innate
caster, hp casting, extra vitality 1
a: Evoke Invisibility


You were on level 3 of the Dungeon.
You visited 1 branch of the dungeon, and saw 4 of its levels.

You collected 158 gold pieces.

Inventory:

Hand Weapons
 a - a +0 long sword
 o - a +3 short sword (weapon)
 t - a +0 hunting sling
Missiles
 d - 3 throwing nets
 g - 3 boomerangs (quivered)
 j - 125 stones
Armour
 b - a +0 leather armour
 c - a +0 helmet (worn)
 p - a +0 ring mail (worn)
 u - a scarf of invisibility (worn)
Wands
 s - a wand of acid (2)
 v - a wand of flame (10)
Scrolls
 f - 3 scrolls of identify {unknown}
 h - a scroll of enchant weapon {unknown}
 l - a scroll of teleportation {unknown}
 m - 2 scrolls of enchant armour {unknown}
 n - a scroll of amnesia {unknown}
 q - a scroll of immolation {unknown}
Potions
 e - 3 potions of curing {unknown}
 i - a potion of brilliance {unknown}
 k - a potion of haste {unknown}
 r - a potion of attraction
 w - a potion of lignification {unknown}
 x - a potion of magic {unknown}


   Skills:
 - Level 2.0 Fighting
 + Level 0.3(2.0) Short Blades
 - Level 3.2(3.3) Long Blades
 - Level 1.5 Throwing
 + Level 4.1 Dodging
 * Level 2.2 Spellcasting


You had 5 spell levels left.
You knew the following spells:

 Your Spells              Type           Power      Damage    Failure   Level
a - Sting                 Tmut/Pois      20%        1d4       26%         1
b - Passwall              Tmut/Erth      4%         N/A       36%         2
Your spell library was empty.

Dungeon Overview and Level Annotations

Branches:
Dungeon (4/15)
 Temple: D:4-7

Altars:
Xom

Annotations:
D:3 Sigmund
D:4 Blork the orc, Grinder


Innate Abilities, Weirdness & Mutations

You are immune to sickness and miasma.
You are immune to poison.
Your flesh is very heat resistant. (rF++)
You are vulnerable to cold. (rC-)
You float through the air rather than walking.
You learn spells naturally, not from books.
Your magical power is your life essence.
You have superior vitality. (+4 HP)


Message History

The magic dart hits you.
* * * LOW HITPOINT WARNING * * *
As you close the door, it creaks loudly!
Something unseen opens the door.
As you close the door, it creaks loudly!
Something unseen opens the door.
You reach down and close the door.
Something unseen opens the door.
You reach down and close the door.
Something unseen opens the door.
You reach down and close the door.
Something unseen opens the door.
You reach down and close the door.
Something unseen opens the door.
You reach down and close the door.
Something unseen opens the door.
You reach down and close the door.
Something unseen opens the door.
You reach down and close the door.
Something unseen opens the door.
You reach down and close the door.
There's nothing to close nearby.
Something unseen opens the door.
You hear some strange, mumbled words.
Something tries to affect you, but you resist.
You reach down and close the door.
Something unseen opens the door.
You reach down and close the door.
Something unseen opens the door.
You reach down and close the door.
Something unseen opens the door.
You reach down and close the door.
Something unseen opens the door.
You reach down and close the door.
Something unseen opens the door.
You reach down and close the door.
Something unseen opens the door.
You reach down and close the door.
Something unseen opens the door.
You reach down and close the door.
Something unseen opens the door.
You reach down and close the door.
Something unseen opens the door.
You reach down and close the door.
Something unseen opens the door.
You reach down and close the door.
Something unseen opens the door.
You reach down and close the door.
Something unseen opens the door.
You reach down and close the door.
Something unseen opens the door.
You reach down and close the door.
Sigmund opens the door.
You reach down and close the door.
Sigmund opens the door.
Sigmund hits you with a +0 scythe!
* * * LOW HITPOINT WARNING * * *
There is an open door here.
You hit Sigmund.
Sigmund is almost dead.
Sigmund hits you with a +0 scythe!
You die...

.......#..#####.#
......#..#.....#
#'###'..'.##..#
...'.#..####..#
...#.#..# #..# .
#.'##+ ...#
...#.#..# .#.##
...'.#.)##.#.#
#'###'..@@.#.#
......#..#....#
.(.....#..##.###
# #'## +### .# #
#


You could see Sigmund.

Vanquished Creatures
  2 adders
  3 worms
  2 dart slugs (D:2)
  9 orcs
  5 ball pythons
  4 bats
  8 endoplasms
  8 giant cockroaches
  7 goblins
  6 hobgoblins
  3 jackals
  5 quokkas
  4 frilled lizards
  6 kobolds
  4 rats (D:1)
76 creatures vanquished.

Vanquished Creatures (others)
  2 adders (D:3)
  A ball python (D:3)
  A giant cockroach (D:3)
  A goblin (D:3)
  A jackal (D:3)
  A quokka (D:3)
  2 frilled lizards (D:3)
9 creatures vanquished.

Grand Total: 85 creatures vanquished

Notes
Turn   | Place    | Note
-------+----------+-------------------------------------------
     0 | D:1      | DocSulfur the Djinni Gladiator began the quest for the Orb.
     0 | D:1      | Reached XP level 1. HP: 18/18 MP: 0/0
    69 | D:1      | Reached XP level 2. HP: 17/23 MP: 0/0
   241 | D:1      | Reached skill level 1 in Spellcasting
   438 | D:1      | Reached XP level 3. HP: 28/28 MP: 0/0
   438 | D:1      | Learned a level 1 spell: Sting
  1129 | D:2      | Reached XP level 4. HP: 21/33 MP: 0/0
  1355 | D:2      | Found a faded altar of an unknown god.
  1939 | D:3      | Found a shimmering altar of Xom.
  1948 | D:3      | Reached skill level 4 in Dodging
  2308 | D:4      | Noticed Grinder
  2309 | D:4      | Noticed Blork the orc
  2331 | D:3      | Reached XP level 5. HP: 26/38 MP: 0/0
  2331 | D:3      | Learned a level 2 spell: Passwall
  2543 | D:3      | Noticed Sigmund
  2729 | D:3      | Mangled by Sigmund

Illustrated notes

Levels and vault maps discovered:
D:1:      eino_arrival_water_star, layout_basic
D:2:      layout_loops_ring, shapermc_ecumenical_altar_totnotflames,
          guppyfry_early_orc_mine
D:3:      minmay_recursive_quarters, layout_loops_ring,
          mainiacjoe_overflow_24_doors, xom_confusion_cloud, serial_shops,
          nicolae_shop_trees, minmay_circle_x, uniq_sigmund
D:4:      layout_rooms, nicolae_stop_n_shop_1, minmay_stone_trees_large,
          dk_noncrumbling_4, uniq_duvessa, uniq_grinder, uniq_blork_the_orc

Skill      XL: |  1  2  3  4 |
---------------+-------------+-----
Spellcasting   | 1 2 |  2.2
Long Blades    | 3 |  3.2
Dodging        | 4 |  4.1
Fighting       | |  2.0
Short Blades   | |  0.3
Throwing       | |  1.5

Action                   |  1- 3 |  4- 6 || total
-------------------------+-------+-------++-------
Melee: Long sword        |    60 |       ||    60
       Short sword       |    27 |   134 ||   161
Throw: Boomerang         |    18 |    22 ||    40
Evoke: Wand              |       |     1 ||     1
  Use: Potion            |       |     1 ||     1
Armor: Leather armour    |    28 |       ||    28
       Ring mail         |     2 |    40 ||    42
Dodge: Dodged            |    74 |    83 ||   157
       Rpst.: Long sword |    20 |       ||    20

Table legend: (Time is in decaauts)
 A = Elapsed time spent in this place.
 B = Non-inter-level travel time spent in this place.
 C = Inter-level travel time spent in this place.
 D = Time resting spent in this place.
 E = Time spent auto-exploring this place.
 F = Levels seen in this place.
 G = Mean time per level.
                   A        B        C        D        E       F      G
               +--------+--------+--------+--------+--------+-----+--------+
         Total |   2754 |   2666 |     88 |    171 |   1372 |   4 |  688.5 |
       Dungeon |   2754 |   2666 |     88 |    171 |   1372 |   4 |  688.5 |
               +--------+--------+--------+--------+--------+-----+--------+

Top non-repeatable levels by time:
     D:2: 1136 daAuts
     D:1: 807 daAuts
     D:3: 560 daAuts
     D:4: 249 daAuts
